 Dungeon Crawl Stone Soup version 0.21.0-3-g78d12a8 (webtiles) character file.

4827 Suckerboh the Reanimator (level 10, -2/78 (80) HPs)
             Began as a Deep Dwarf Necromancer on Jan 14, 2018.
             Was a Follower of Makhleb.
             Slain by an orc warrior
             ... wielding a +0 glaive
              (7 damage)
             ... on level 9 of the Dungeon.
             The game lasted 00:27:51 (11165 turns).

Suckerboh the Reanimator (Deep Dwarf Necromancer)  Turns: 11165, Time: 00:27:52

HP:   -2/78 (80)    AC:  9    Str: 14    XL:     10   Next: 25%
MP:   3/30          EV: 12    Int: 17    God:    Makhleb [*.....]
Gold: 525           SH:  0    Dex: 13    Spells: 20/24 levels left

rFire    . . .     SeeInvis .   a - +0 hand axe
rCold    . . .     Gourm    .   (no shield)
rNeg     . . .     Faith    .   E - +1 ring mail of Conscience {rElec MR+} (curse)
rPois    .         Spirit   .   w - +0 helmet
rElec    +         Reflect  .   y - +0 cloak
rCorr    .         Harm     .   (no gloves)
MR       ++...                  (no boots)
Stlth    +.........             (no amulet)
HPRegen  0.00/turn              i - ring of magical power
MPRegen  0.22/turn              (no ring)

@: non-regenerating
A: damage resistance, heal wounds, sense surroundings 2, no regeneration
a: Heal Wounds, Renounce Religion


You were on level 9 of the Dungeon.
You worshipped Makhleb.
Makhleb was aware of your devotion.
You were hungry.

You visited 2 branches of the dungeon, and saw 10 of its levels.

You collected 525 gold pieces.

Inventory:

Hand Weapons
 a - a +0 hand axe (weapon)
 v - a +2 vampiric dagger
 x - the +8 dagger "Odagg" {pierce, Str+5, unknown}
   (You found it on level 4 of the Dungeon)

   It inflicts extra damage upon your enemies.
   It affects your strength (+5).
 I - a +0 flail of protection
Armour
 f - a +0 leather armour
 w - a +0 helmet (worn)
 y - a +0 cloak (worn)
 B - a +2 leather armour of cold resistance
 E - the cursed +1 ring mail of Conscience (worn) {rElec MR+}
   (You found it on level 5 of the Dungeon)

   It insulates you from electricity.
   It affects your resistance to hostile enchantments.
   It has a curse placed upon it.
 H - the cursed +0 leather armour of Sunlight {*Corrode +Fly MP+9 SInv, unknown}
   (You found it on level 6 of the Dungeon)

   It affects your magic capacity (+9).
   It lets you see invisible.
   It lets you fly.
   It may corrode you when you take damage.
   It has a curse placed upon it.
 J - a +0 chain mail of fire resistance
 L - a +2 cloak
Jewellery
 i - a ring of magical power (left hand)
 t - an uncursed amulet of faith {unknown}
Wands
 D - a wand of flame (109)
 M - a wand of polymorph (7)
 Q - a wand of random effects (20)
Scrolls
 d - 9 scrolls of identify {unknown}
 e - 6 scrolls of remove curse {unknown}
 h - a scroll of fog {unknown}
 j - 2 scrolls of amnesia {unknown}
 k - 2 scrolls of enchant armour {unknown}
 l - 6 scrolls of teleportation {unknown}
 n - 3 scrolls of magic mapping {unknown}
 r - 3 scrolls of enchant weapon {unknown}
 s - 3 scrolls of fear {unknown}
 F - 2 scrolls of immolation {unknown}
Potions
 g - 3 potions of cancellation {unknown}
 m - 6 potions of heal wounds {unknown}
 o - 5 potions of curing {unknown}
 p - 2 potions of flight {unknown}
 q - 2 potions of resistance {unknown}
 u - a potion of degeneration {unknown}
 z - a potion of might
 A - a potion of lignification {unknown}
 C - 2 potions of mutation {unknown}
 G - a potion of magic {unknown}
 N - a potion of haste {unknown}
 P - a potion of brilliance {unknown}
Books
 b - a book of Necromancy

   Spells                             Type                      Level
   a - Pain                           Necromancy                   1
   b - Animate Skeleton               Necromancy                   1
   c - Vampiric Draining              Necromancy                   3
   d - Regeneration                   Charms/Necromancy            3
   e - Animate Dead                   Necromancy                   4
   f - Borgnjor's Vile Clutch         Necromancy/Earth             5
 K - the Reference Book on Unstable Feathers
   (You found it on level 6 of the Dungeon)

   Spells                             Type                      Level
   a - Poisonous Vapours              Poison/Air                   2
   b - Recall                         Summoning/Translocation      3
   c - Teleport Other                 Translocation                3
   d - Airstrike                      Air                          4
   e - Conjure Ball Lightning         Conjuration/Air              6
 O - a book of Geomancy

   Spells                             Type                      Level
   a - Sandblast                      Earth                        1
   b - Passwall                       Transmutation/Earth          2
   c - Stone Arrow                    Conjuration/Earth            3
   d - Petrify                        Transmutation/Earth          4
   e - Lee's Rapid Deconstruction     Earth                        5
Comestibles
 c - 21 rations


   Skills:
 + Level 1.9 Fighting
 + Level 3.5 Axes
 + Level 3.6 Armour
 + Level 3.7 Dodging
 - Level 2.4 Stealth
 + Level 7.5 Spellcasting
 * Level 12.2 Necromancy


You had 20 spell levels left.
You knew the following spells:

 Your Spells              Type           Power        Failure   Level  Hunger
a - Pain                  Necr           ####         1%          1    None
b - Vampiric Draining     Necr           #####.....   1%          3    ##.....


Dungeon Overview and Level Annotations

Branches:
Dungeon (9/15)             Temple (1/1) D:4
   Lair: D:8-11         Orc: D:9-12

Altars:
Ashenzari
Cheibriados
Dithmenos
Elyvilon
Fedhas
Gozag
Hepliaklqana
Kikubaaqudgha
Makhleb
Nemelex Xobeh
Okawaru
Qazlal
Ru
Sif Muna
Trog
Uskayaw
Vehumet
Wu Jian
Xom
Yredelemnul
Zin
The Shining One

Shops:
D:9 }*

Annotations:
D:5 Menkaure
D:7 wazuzu's ghost, amateur DsAs


Innate Abilities, Weirdness & Mutations

You are resistant to damage.
You can heal yourself by infusing magical energy.
You passively map the area around you.
You do not regenerate.


Message History

The orc priest shouts!
The orc priest moves out of view.
There is an open door here.
The orc priest miscasts a cantrip.
The orc priest looks encouraged for a moment.
The orc priest closely misses you.
Casting: Pain
Confirm with . or Enter, or press ? or * to list all spells.
Aiming: Vampiric Draining
Press: ? - help, Shift-Dir - straight line, f - orc priest
Aim: an orc priest, wielding a flail and wearing a scale mail The orc priest is heavily wounded.
You feel life coursing into your body. The orc warrior barely misses you.
The orc priest closely misses you.
You hit the orc priest but do no damage.
The orc priest is heavily wounded.
The orc priest hits you with a flail.
* * * LOW HITPOINT WARNING * * *
The orc warrior hits you from afar with a glaive!
You die...

#.$))......................#...
#..........................#...
#..........................#...
#........########.....###..#...
#........#......#..####.#..'...
#........#......#..#....#..#...
#........#......#..#....#.##...
.......#......#..#....#.#....
.... #....@o#..#....#.#.... *
***#. #.(...##..#....'.#####
#..,#....o#o..#....#......
#...#.....#..<######......
#...#.....'...............
#...#.....#.......######..
#...#######.......#....#..
#.............[[).#....#..
#......##########.#....#..


You could see an orc warrior and an orc priest.

Vanquished Creatures
  2 two-headed ogres
  A hornet (D:8)
  A hippogriff (D:9)
  Sigmund (D:4)
  Eustachio (D:5)
  Edmund (D:6)
  A soldier ant (D:8)
  3 ice beasts
  4 orc warriors
  A sky beast (D:5)
  An eye of draining (D:9)
  A necrophage (D:9)
  4 ogres
  Blork the orc (D:6)
  A bullfrog (D:9)
  A water moccasin skeleton (D:4)
  2 scorpions (D:9)
  An electric eel (D:6)
  A crimson imp (D:7)
  A centaur zombie (D:5)
  4 hounds
  3 jellies
  A centaur skeleton (D:9)
  5 orc priests
  Crazy Yiuf (D:5)
  6 orc wizards
  A bullfrog skeleton (D:9)
  2 iguanas
  7 worker ants
  A hound zombie (D:7)
  Robin (D:4)
  4 gnolls (D:5)
  8 adders
  3 oozes
  An adder zombie (D:5)
  An adder skeleton (D:9)
  A worm (D:8)
  3 dart slugs
  5 leopard geckos
  23 orcs
  A ball python (D:1)
  6 bats
  7 giant cockroaches
  11 goblins
  7 hobgoblins
  9 jackals
  6 kobolds
  4 quokkas
  8 frilled lizards
  A jackal skeleton (D:7)
  A jackal zombie (D:7)
  A quokka zombie (D:7)
  5 rats
178 creatures vanquished.

Notes
Turn   | Place    | Note
-------+----------+-------------------------------------------
     0 | D:1      | Suckerboh the Deep Dwarf Necromancer began the quest for the Orb.
     0 | D:1      | Reached XP level 1. HP: 15/15 MP: 3/3
   171 | D:1      | Reached XP level 2. HP: 22/22 MP: 0/4
   404 | D:1      | Reached skill level 5 in Necromancy
   853 | D:1      | Reached XP level 3. HP: 25/28 MP: 6/6
  1014 | D:2      | Learned a level 3 spell: Vampiric Draining
  1374 | D:2      | Found a blossoming altar of Fedhas.
  2086 | D:3      | Reached XP level 4. HP: 28/36 MP: 4/7
  2251 | D:3      | Reached skill level 6 in Necromancy
  3239 | D:4      | Noticed an ogre
  3249 | D:4      | Killed an ogre
  3249 | D:4      | Reached XP level 5. HP: 4/42 MP: 0/9
  3500 | D:4      | Found a staircase to the Ecumenical Temple.
  3541 | Temple   | Entered the Ecumenical Temple
  3666 | D:4      | HP: 1/42 [water moccasin skeleton (4)]
  3675 | D:4      | Reached skill level 7 in Necromancy
  3675 | D:4      | Reached XP level 6. HP: 8/49 MP: 10/10
  3817 | D:4      | Got a slimy dagger
  4139 | D:4      | Noticed Sigmund
  4144 | D:4      | Killed Sigmund
  4144 | D:4      | Reached skill level 1 in Axes
  4253 | D:4      | Noticed Robin
  4272 | D:4      | Killed Robin
  4492 | D:5      | Entered Level 5 of the Dungeon
  4505 | D:5      | Noticed Eustachio
  4652 | D:5      | Noticed Menkaure
  4737 | D:5      | Found a runed door.
  4741 | D:5      | Noticed Crazy Yiuf
  4746 | D:5      | Killed Crazy Yiuf
  4746 | D:5      | Reached skill level 8 in Necromancy
  4746 | D:5      | Reached XP level 7. HP: 41/56 MP: 11/12
  5233 | D:5      | Reached skill level 1 in Armour
  5300 | D:5      | Killed Eustachio
  5300 | D:5      | Reached skill level 1 in Fighting
  5517 | D:5      | Found an opulent altar of Gozag.
  5724 | D:5      | Got a jewelled ring mail
  5735 | D:5      | Identified the cursed +1 ring mail of Conscience {rElec MR+} (You found it on level 5 of the Dungeon)
  6041 | D:6      | Reached skill level 9 in Necromancy
  6041 | D:6      | Reached XP level 8. HP: 44/64 MP: 11/14
  6088 | D:6      | Noticed Edmund
  6239 | D:6      | Got a crude leather armour
  6270 | D:6      | Killed Edmund
  6466 | D:6      | Found a bloodstained altar of Trog.
  6502 | D:6      | Noticed Blork the orc
  6515 | D:6      | Killed Blork the orc
  6555 | D:6      | Found a burning altar of Makhleb.
  6556 | D:6      | Found a hide-covered altar of Uskayaw.
  6557 | D:6      | Found a shattered altar of Ashenzari.
  6562 | D:6      | Became a worshipper of Makhleb the Destroyer
  6573 | D:6      | Identified the Reference Book on Unstable Feathers
  6668 | D:6      | Reached skill level 5 in Spellcasting
  6878 | D:6      | Reached skill level 10 in Necromancy
  7223 | D:7      | Noticed wazuzu's ghost (amateur DsAs)
  8048 | D:8      | Found an ornate altar of the Wu Jian Council.
  8049 | D:8      | Found a deep blue altar of Sif Muna.
  8140 | D:8      | Noticed a two-headed ogre
  8166 | D:8      | Killed a two-headed ogre
  8166 | D:8      | Gained mutation: You passively map the area around you. [Deep Dwarf growth]
  8166 | D:8      | Reached XP level 9. HP: 36/70 MP: 2/18
  8227 | D:8      | Found a stormy altar of Qazlal.
  8682 | D:8      | Reached skill level 11 in Necromancy
  8814 | D:8      | Reached * piety under Makhleb
  9884 | D:9      | Found Zin's Purification Station.
  9886 | D:9      | Found a glowing silver altar of Zin.
 10529 | D:9      | Reached XP level 10. HP: 68/78 MP: 2/20
 10694 | D:9      | Noticed a two-headed ogre
 10828 | D:9      | Found Oriadudgh's Gadget Emporium.
 11125 | D:9      | HP: 2/78 [orc priest/divine providence (10)]
 11126 | D:9      | Killed a two-headed ogre
 11126 | D:9      | Reached skill level 12 in Necromancy
 11138 | D:9      | HP: 2/78 [orc warrior/glaive (9)]
 11165 | D:9      | Slain by an orc warrior

Skill      XL: |  1  2  3  4  5  6  7  8  9 10 |
---------------+-------------------------------+-----
Necromancy     | 5 6 7 8 9 10 11 12 | 12.2
Spellcasting   | 2 3 4 6 7 |  7.5
Axes           | 1 2 3 |  3.5
Armour         | 1 2 3 |  3.6
Fighting       | 1 |  1.9
Dodging        | 3 |  3.7
Stealth        | |  2.4

Action                   |  1- 3 |  4- 6 |  7- 9 | 10-12 || total
-------------------------+-------+-------+-------+-------++-------
Melee: Unarmed           |    10 |     4 |       |       ||    14
       Hand axe          |       |    21 |   293 |    15 ||   329
 Cast: Pain              |    70 |    37 |    69 |    10 ||   186
       Vampiric Draining |    10 |    39 |   136 |    21 ||   206
 Abil: Heal Wounds       |       |     1 |       |       ||     1
  Eat: Chunk             |     6 |     9 |    23 |     2 ||    40
       Ration            |       |     1 |     1 |       ||     2
Armor: Robe              |     7 |     7 |       |       ||    14
       Leather armour    |       |       |    19 |       ||    19
       Ring mail         |       |       |   154 |    10 ||   164
Dodge: Dodged            |    26 |    30 |   276 |    33 ||   365
